 Dungeon Crawl Stone Soup version 0.25-a0-290-g4a1327ee3a (webtiles) character file.

Game seed: 13795582234512517290, levelgen mode: deterministic

76 FessEmpty the Skirmisher (level 4, 21/29 HPs)
             Began as a Gargoyle Berserker on Dec 13, 2019.
             Was a Believer of Trog.
             Got out of the dungeon alive.
             The game lasted 00:02:56 (1262 turns).

FessEmpty the Skirmisher (Gargoyle Berserker)       Turns: 1262, Time: 00:02:56

Health: 21/29      AC:  5    Str: 22    XL:     4   Next: 32%
Magic:  4/4        EV: 12    Int:  7    God:    Trog [**....]
Gold:   69         SH:  0    Dex:  9    Spells: 3/3 levels left

rFire    . . .     SeeInvis .   a - +0 mace
rCold    . . .     Gourm    .   (no shield)
rNeg     + . .     Faith    .   b - +0 animal skin
rPois    ∞         Spirit   .   (no helmet)
rElec    +         Reflect  .   (no cloak)
rCorr    .         Harm     .   (no gloves)
MR       .....                  (no boots)
Stlth    +.........             (no amulet)
HPRegen  0.09/turn              (no ring)
MPRegen  0.09/turn              (no ring)

@: no status effects
A: negative energy resistance 1, electricity resistance, unbreathing,
petrification resistance, rot immunity, AC +3
a: Berserk, Trog's Hand, Renounce Religion


You escaped.
You worshipped Trog.
Trog was pleased with you.
You were not hungry.

You visited 1 branch of the dungeon, and saw 2 of its levels.

You collected 69 gold pieces.

Inventory:

Hand Weapons
 a - a +0 mace (weapon)
Armour
 b - a +0 animal skin (worn)
Jewellery
 j - an uncursed ring of protection from magic {unknown}
Wands
 k - a wand of flame (19)
Scrolls
 h - a scroll of fog {unknown}
 i - a scroll of remove curse {unknown}
Potions
 d - a potion of brilliance {unknown}
 e - 3 potions of mutation {unknown}
 g - a potion of might {unknown}
Comestibles
 c - 4 rations
 f - 2 chunks of flesh


   Skills:
 + Level 4.0 Fighting
 + Level 3.5 Maces & Flails
 + Level 3.0 Armour
 + Level 2.2 Dodging


You had 3 spell levels left.
You didn't know any spells.
Your spell library was empty.

Dungeon Overview and Level Annotations

Branches:
Dungeon (2/15)

Altars:


Innate Abilities, Weirdness & Mutations

You are resistant to torment.
Your stone body is resilient. (AC +3)
You are immune to poison.
You resist negative energy. (rN+)
You are resistant to electric shocks. (rElec)
You can survive without breathing.
You are immune to petrification.
You are immune to rotting.


Message History

The worm closely misses you.
You hit the worm.
The worm is heavily wounded.
The worm barely misses you.
You hit the worm.
The worm is heavily wounded.
The worm bites you!
You sock the worm!
The worm is severely wounded.
You hit the worm.
You kill the worm!
Trog accepts your kill.
No target in view!
You start resting.
Eating one of 4 chunks of flesh.
You eat one of the 4 chunks of flesh.
This raw flesh tastes terrible.
Some of the chunks of flesh in your inventory have rotted away.
HP restored.
You butcher the frilled lizard corpse.
f - 2 chunks of flesh (gained 1)
You see here a frilled lizard skeleton. x2
You butcher the worm corpse.
f - 5 chunks of flesh (gained 3)
You now have 36 gold pieces (gained 15).
There is a stone staircase leading down here.
Found a stone staircase leading down.
A rat comes into view.
You sock the rat!
You kill the rat!
Trog accepts your kill.
A goblin comes into view. It is wielding a +0 dagger.
You see here a rat corpse.
The goblin shouts!
You sock the goblin!
You kill the goblin!
Trog accepts your kill.
You butcher the rat corpse.
f - 6 chunks of flesh (gained 1)
You see here a rat skeleton. x2
A hobgoblin comes into view.
You see here 8 gold pieces.
The hobgoblin shouts!
You hear an angry hiss.
An ooze comes into view.
A kobold comes into view. It is wielding a +0 short sword.
The kobold shouts!
The ooze quivers.
An adder comes into view.
A rat comes into view.
The hobgoblin hits you.
The ooze jiggles.
You sock the hobgoblin!
You kill the hobgoblin!
Trog accepts your kill.
A red film seems to cover your vision as you go berserk!
You feel yourself moving faster!
You feel mighty!
You feel quite a bit more hungry.
You are feeling hungry.
A goblin comes into view. It is wielding a +0 club.
The ooze closely misses you.
You barely miss the ooze.
The goblin shouts!
The kobold misses you. The ooze barely misses you.
You closely miss the adder. The adder bites you but does no damage.
The rat barely misses you.
You sock the adder!
You kill the adder!
Trog accepts your kill. The kobold hits you but does no damage.
The ooze hits you. The rat bites you but does no damage.
You thump the ooze!
You kill the ooze!
Trog accepts your kill.
Your Armour skill increases to level 3!
You have reached level 4!
You feel stronger.
The kobold hits you with a +0 short sword.
You hit the rat.
You kill the rat!
Trog accepts your kill. The kobold barely misses you.
You closely miss the kobold. The kobold hits you but does no damage.
You sock the kobold!
You kill the kobold!
Trog accepts your kill.
You closely miss the goblin. The goblin closely misses you.
You barely miss the goblin. You barely miss the goblin.
The goblin hits you with a +0 club.
You bludgeon the goblin!!
You kill the goblin!
Trog accepts your kill.
You start resting.
Eating one of 6 chunks of flesh.
You eat one of the 6 chunks of flesh.
This raw flesh tastes terrible.
You feel a strong urge to attack something.
You start resting.
You are no longer berserk.
You are exhausted.
You feel yourself slow down.
You start resting.
A frilled lizard comes into view.
The frilled lizard hisses angrily.
Things that are here:
a +0 short sword; a stone; a kobold corpse You closely miss the frilled lizard.
The frilled lizard barely misses you.
You hit the frilled lizard.
You kill the frilled lizard!
Trog accepts your kill.
No target in view!
You start resting.
You feel yourself speed up.
You butcher the frilled lizard corpse.
f - 6 chunks of flesh (gained 1)
You see here a frilled lizard skeleton. x2
Some of the chunks of flesh in your inventory have rotted away.
You now have 46 gold pieces (gained 10).
You recover from your berserk rage.
HP restored.
Some of the chunks of flesh in your inventory have rotted away.
You now have 54 gold pieces (gained 8).
Found a stone staircase leading up.
You now have 69 gold pieces (gained 15).
Found a stone staircase leading up.
c - 3 rations (gained 1)
j - a pearl ring
k - a wand of flame (19)
A hobgoblin comes into view. It is wielding a +0 club.
The hobgoblin shouts!
You see here a ration.
c - 4 rations (gained 1)
An adder comes into view.
The adder hisses angrily.
You hit the hobgoblin.
You kill the hobgoblin!
Trog accepts your kill.
No target in view!
No target in view!
Things that are here:
a +0 club; a hobgoblin corpse You barely miss the adder.
The adder bites you but does no damage. The adder barely misses you.
You miss the adder. The adder completely misses you. The adder bites you.
You miss the adder. The adder bites you but does no damage.
You barely miss the adder. The adder bites you.
The adder bites you but does no damage.
You miss the adder. The adder closely misses you.
You barely miss the adder. The adder bites you but does no damage.
The adder completely misses you.
You sock the adder!
The adder is heavily wounded.
The adder completely misses you. The adder bites you.
You closely miss the adder.
The adder is heavily wounded.
The adder bites you but does no damage.
You closely miss the adder.
The adder is heavily wounded.
The adder barely misses you. x2
You closely miss the adder.
The adder is heavily wounded.
The adder bites you.
You closely miss the adder.
The adder is heavily wounded.
The adder closely misses you. The adder barely misses you.
You closely miss the adder.
The adder is heavily wounded.
The adder bites you but does no damage.
You hit the adder.
The adder is severely wounded.
The adder bites you. The adder bites you but does no damage.
You barely miss the adder.
The adder is severely wounded.
The adder closely misses you. x2
You hit the adder but do no damage.
The adder is severely wounded.
The adder closely misses you.
You closely miss the adder.
The adder is severely wounded.
The adder bites you but does no damage. x2
You sock the adder!
You kill the adder!
Trog accepts your kill.
Your Fighting skill increases to level 4!
No target in view!
(D) Dungeon
Where to? (Enter - D:2, ? - help)
What level of the Dungeon? (default 1, ? - help)
There is a stone staircase leading up here.
You climb upwards.
There is a stone staircase leading down here.
(D) Dungeon
Where to? (Enter - D:1, ? - help) You're already here!
There is an escape hatch in the floor here.
There is an open door here.
You see here a whip.
There is a staircase leading out of the dungeon here.
Are you sure you want to leave the Dungeon?
This will make you lose the game!
Alright, then stay!
Unknown command.
You can't go down here!
Unknown command.
Are you sure you want to leave the Dungeon?
This will make you lose the game!
You have escaped!

###..### #......######
###.÷#####..###......##
..........### ##+###..#
#####.#.### ##.# ##.##
#####.#.# ##..# #..#
......#.# ##...# ##.##
#######.#####....##
#..#
#...##......#####.#
#####.....@.....+.#
##......#######
##...)## ##...# ##..#
##.# ##'#
########..####
#............#


There were no monsters in sight!

Vanquished Creatures
  3 adders (D:2)
  An ooze (D:2)
  A worm (D:2)
  2 dart slugs (D:1)
  2 leopard geckos (D:1)
  3 giant cockroaches
  4 goblins
  4 hobgoblins
  2 jackals (D:1)
  2 ball pythons (D:1)
  A bat (D:1)
  2 frilled lizards (D:2)
  3 kobolds
  6 rats
36 creatures vanquished.

Notes
Turn   | Place    | Note
-------+----------+-------------------------------------------
     0 | D:1      | FessEmpty the Gargoyle Berserker began the quest for the
                  | Orb.
     0 | D:1      | Reached XP level 1. HP: 14/14 MP: 1/1
   319 | D:1      | Reached XP level 2. HP: 18/19 MP: 2/2
   618 | D:1      | Reached XP level 3. HP: 23/23 MP: 3/3
   684 | D:1      | Reached ** piety under Trog
  1105 | D:2      | Reached XP level 4. HP: 29/29 MP: 4/4
  1213 | D:2      | Reached skill level 4 in Fighting
  1262 | D:$      | Got out of the dungeon alive.

Levels and vault maps discovered:
D:1:      mrwooster_arrival_arrow, layout_loops_ring, minivault_23
D:2:      layout_rooms

Skill      XL: |  1  2  3  4 |
---------------+-------------+-----
Dodging        | 2 |  2.2
Armour         | 3 |  3.0
Fighting       | 4 |  4.0
Maces & Flails | |  3.5

Action                   |  1- 3 |  4- 6 || total
-------------------------+-------+-------++-------
Melee: Mace              |    87 |    27 ||   114
Invok: Berserk           |     1 |       ||     1
 Stab: Sleeping          |     1 |       ||     1
  Eat: Chunk             |     1 |     1 ||     2
Armor: Animal skin       |    27 |    10 ||    37
Dodge: Dodged            |    57 |    15 ||    72

Table legend:
 A = Non-vault XP
 B = Vault XP
 C = Vault XP percentage of total XP
 D = Non-vault monster count
 E = Vault monster count
 F = Vault count percentage of total count
                 A         B        C        D         E       F
            +---------+---------+-------+---------+---------+-------
      Total |     109 |       0 |   0.0 |      36 |       0 |   0.0
            +---------+---------+-------+---------+---------+-------
        D:1 |      39 |       0 |   0.0 |      20 |       0 |   0.0
        D:2 |      70 |       0 |   0.0 |      16 |       0 |   0.0
            +---------+---------+-------+---------+---------+-------
